 Dungeon Crawl Stone Soup version 0.30-a0-4-ga7cffc901d (webtiles) character file.

Game seed: 7988358166692511323

147 SensoryNuts the Covered (level 5, -2/33 HPs)
             Began as a Gargoyle Fighter on Aug 21, 2022.
             Killed from afar by a white imp (7 damage)
             ... with a puff of frost
             ... summoned by Natasha
             ... on level 3 of the Dungeon.
             The game lasted 00:02:36 (3481 turns).

SensoryNuts the Covered (Gargoyle Fighter)          Turns: 3481, Time: 00:02:37

Health: -2/33      AC: 11    Str: 22    XL:     5   Next: 29%
Magic:  5/5        EV:  9    Int:  8    God:
Gold:   165        SH:  4    Dex:  9    Spells: 4/4 levels left

rFire   . . .      SeeInvis .    a - +0 long sword
rCold   . . .      Faith    .    c - +0 buckler
rNeg    + . .      Spirit   .    b - +0 scale mail
rPois   ∞          Reflect  .    (no helmet)
rElec   +          Harm     .    (no cloak)
rCorr   .          Rampage  .    (no gloves)
Will    .....                    (no boots)
Stlth   ..........               (no amulet)
HPRegen 0.11/turn                (no ring)
MPRegen 0.09/turn                (no ring)

@: brilliant
A: sickness immunity, AC +4, negative energy resistance 1, electricity
resistance, torment resistance 1, petrification resistance
a: no special abilities


You were on level 3 of the Dungeon.
You visited 1 branch of the dungeon, and saw 3 of its levels.

You collected 165 gold pieces.

Inventory:

Hand Weapons
 a - a +0 long sword (weapon)
Armour
 b - a +0 scale mail (worn)
 c - a +0 buckler (worn)
Jewellery
 j - a ring of magical power
 l - a ring of resist corrosion
 r - a +6 ring of dexterity
 s - an amulet of reflection
Scrolls
 e - a scroll of amnesia {unknown}
 f - 4 scrolls of identify {unknown}
 g - a scroll of fear {unknown}
 k - a scroll of teleportation {unknown}
 m - a scroll of enchant armour {unknown}
 t - a scroll of magic mapping {unknown}
Potions
 h - a potion of mutation {unknown}
 n - a potion of curing
 o - a potion of heal wounds {unknown}
 p - a potion of magic {unknown}
 q - a potion of degeneration {unknown}
 u - a potion of ambrosia {unknown}


   Skills:
 + Level 3.7 Fighting
 + Level 3.2 Long Blades
 + Level 4.1 Armour
 + Level 0.7 Dodging
 + Level 0.9 Stealth
 + Level 3.9 Shields


You had 4 spell levels left.
You didn't know any spells.
Your spell library contained the following spells:

 Spells                   Type           Power      Damage    Failure   Level
 Foxfire                  Conj/Fire      0%         2x1d4     82%         1
 Conjure Flame            Conj/Fire      0%         6-21      99%         3
 Inner Flame              Hex/Fire       0%         N/A       99%         3
 Flame Wave               Conj/Fire      0%         2d4       100%        4
 Petrify                  Tmut/Erth      0%         N/A       100%        4
 Irradiate                Conj/Tmut      0%         3d11      100%        5
 Sublimation of Blood     Necr           Unusable   N/A       N/A         2

Dungeon Overview and Level Annotations

Branches:
Dungeon (3/15)

Altars:

Annotations:
D:3 Natasha


Innate Abilities, Weirdness & Mutations

You are immune to sickness and miasma.
Your stone body is resilient. (AC +4)
You are immune to poison.
You resist negative energy. (rN+)
You are resistant to electric shocks. (rElec)
You are resistant to unholy torment.
You are immune to petrification.


Message History

You block Natasha's attack.
You hit Natasha.
Natasha is almost dead.
Natasha barely misses you.
You completely miss Natasha.
Natasha is almost dead.
Natasha mumbles some strange words.
Natasha mumbles some strange words.
You feel troubled. Natasha claws you!
* * * LOW HITPOINT WARNING * * *
You barely miss Natasha.
Natasha is almost dead.
Natasha claws you.
* * * LOW HITPOINT WARNING * * *
The white imp hits you but does no damage.
You barely miss Natasha.
Natasha is almost dead.
Natasha claws you but does no damage. The white imp gestures at you.
The puff of frost hits you but does no damage.
Unknown command.
It was a potion of curing.
You feel better.
Natasha wildly gestures.
Natasha glows brightly for a moment.
Natasha claws you.
* * * LOW HITPOINT WARNING * * *
You block the white imp's attack.
You barely miss Natasha.
Natasha is severely wounded.
Natasha barely misses you. The white imp gestures at you.
The puff of frost hits you.
* * * LOW HITPOINT WARNING * * *
Natasha claws you but does no damage.
It was a potion of brilliance.
You feel clever all of a sudden. The white imp gestures at you.
The puff of frost hits you!
You die...

###########
#######5........#
.......@#######.#
#####..h# ##.###
#..... ##....#
##...## #....>#
##.## #.###.# #.
#.# #.# #.
#.###.# #+
#.....# ##....#


You could see Natasha and a white imp (summoned).

Vanquished Creatures
  Jessica (D:3)
  An orc wizard (D:3)
  3 adders
  2 dart slugs
  2 orcs (D:3)
  3 bats
  6 endoplasms
  3 giant cockroaches
  3 hobgoblins
  8 jackals
  A quokka (D:3)
  9 ball pythons
  3 frilled lizards
  7 goblins
  5 kobolds
  4 rats
61 creatures vanquished.

Notes
Turn   | Place    | Note
-------+----------+-------------------------------------------
     0 | D:1      | SensoryNuts the Gargoyle Fighter began the quest for the
                  | Orb.
     0 | D:1      | Reached XP level 1. HP: 14/14 MP: 1/1
   460 | D:1      | Reached XP level 2. HP: 17/19 MP: 2/2
  1199 | D:2      | Reached XP level 3. HP: 19/23 MP: 3/3
  1730 | D:2      | Reached XP level 4. HP: 25/28 MP: 4/4
  2569 | D:3      | Noticed Jessica
  2576 | D:3      | Killed Jessica
  2577 | D:3      | Reached skill level 4 in Armour
  3133 | D:3      | Reached XP level 5. HP: 12/33 MP: 5/5
  3465 | D:3      | Noticed Natasha
  3477 | D:3      | HP: 1/33 [Natasha (6)]
  3481 | D:3      | Killed from afar by a white imp

Illustrated notes

Levels and vault maps discovered:
D:1:      psy_arrival_dodecagon, layout_loops_ring, minmay_pentomino_s2
D:2:      layout_basic, corexii_corridor_pit, minmay_pentomino_pile
D:3:      layout_loops_corners, uniq_jessica, uniq_crazy_yiuf_cottage,
          uniq_natasha

Skill      XL: |  1  2  3  4 |
---------------+-------------+-----
Long Blades    | 2 3 |  3.2
Armour         | 4 |  4.1
Fighting       | |  3.7
Dodging        | |  0.7
Stealth        | |  0.9
Shields        | |  3.9

Action                   |  1- 3 |  4- 6 || total
-------------------------+-------+-------++-------
Melee: Long sword        |    98 |   132 ||   230
  Use: Potion            |     1 |     4 ||     5
Armor: Scale mail        |    76 |    78 ||   154
Dodge: Dodged            |    61 |    90 ||   151
Block: Buckler           |    28 |    32 ||    60

Table legend: (Time is in decaauts)
 A = Elapsed time spent in this place.
 B = Non-inter-level travel time spent in this place.
 C = Inter-level travel time spent in this place.
 D = Time resting spent in this place.
 E = Time spent auto-exploring this place.
 F = Levels seen in this place.
 G = Mean time per level.
                   A        B        C        D        E       F      G
               +--------+--------+--------+--------+--------+-----+--------+
         Total |   3556 |   3459 |     97 |      0 |   2919 |   3 | 1185.3 |
       Dungeon |   3556 |   3459 |     97 |      0 |   2919 |   3 | 1185.3 |
               +--------+--------+--------+--------+--------+-----+--------+

Top non-repeatable levels by time:
     D:2: 1269 daAuts
     D:1: 1199 daAuts
     D:3: 1087 daAuts
